 Dungeon Crawl Stone Soup version 0.31-a0-543-geaa9c7a2c0 (webtiles) character file.

Game seed: 18078989042552433764

37256 GordonOverkill the Carver (level 13, -1/72 HPs)
             Began as a Vine Stalker Delver on Aug 15, 2023.
             Was the Champion of Makhleb.
             Constricted to death by Jorgrun (5 damage)
             ... while petrified by Jorgrun
             ... on level 14 of the Dungeon.
             The game lasted 00:31:21 (15287 turns).

GordonOverkill the Carver (Vine Stalker Delver)    Turns: 15287, Time: 00:31:21

Health: -1/72      AC: 20    Str: 26    XL:     13   Next: 95%
Magic:  0/28       EV: -1    Int:  7    God:    Makhleb [******]
Gold:   942        SH:  0    Dex: 22    Spells: 12/12 levels left

rFire   + . .        H - +8 autumn katana {manifold assault}
rCold   + . .        j - +0 buckler of the Fife {rC+ MP+9 Str+6 Int-3}
rNeg    + + +        J - +0 plate armour
rPois   ∞            A - +2 hat
rElec   .            s - +1 cloak
rCorr   .            C - +0 pair of gloves
SInv    .            m - +0 pair of boots
Will    +....        e - amulet of regeneration Stlth
                     z - ring of protection from fire
HPRegen 1.92/turn    o - +6 ring of dexterity
MPRegen 0.21/turn

%: guardian spirit
@: petrified, grasped by roots, constricted
A: fangs 3, regeneration 1, magic shield, antimagic bite, no potion heal 2
a: Renounce Religion, Minor Destruction, Lesser Servant of Makhleb, Major
Destruction, Greater Servant of Makhleb


You were on level 14 of the Dungeon.
You worshipped Makhleb.
Makhleb was exalted by your worship.
You visited 2 branches of the dungeon, and saw 16 of its levels.

You collected 1447 gold pieces.
You spent 505 gold pieces at shops.

Inventory:

Hand Weapons
 H - the +8 autumn katana (weapon) {manifold assault}
   (You bought it in a shop on level 1 of the Dungeon)
Missiles
 w - 2 curare-tipped darts (quivered)
Armour
 j - the +0 buckler of the Fife (worn) {rC+ MP+9 Str+6 Int-3}
   (You acquired it on level 1 of the Orcish Mines)

   Str+6:     It affects your strength (+6).
   Int-3:     It affects your intelligence (-3).
   rC+:       It protects you from cold.
   MP+9:      It affects your magic capacity (+9).
 m - a +0 pair of boots (worn)
 s - a +1 cloak (worn)
 A - a +2 hat (worn)
 C - a +0 pair of gloves (worn)
 J - a +0 plate armour (worn)
 L - a +0 scale mail of fire resistance
Jewellery
 c - a ring of positive energy
 e - an amulet of regeneration (around neck)
 o - a +6 ring of dexterity (right hand)
 r - a ring of see invisible
 x - an amulet of magic regeneration
 z - a ring of protection from fire (left hand)
 I - the ring "Epla" {Ice rN+ Will+ Str+2}
   (You took it off an orc warrior on level 9 of the Dungeon)

   [ring of ice]

   Ice:       It enhances your ice magic.
   Str+2:     It affects your strength (+2).
   rF-:       It makes you vulnerable to fire.
   rC+:       It protects you from cold.
   rN+:       It protects you from negative energy.
   Will+:     It increases your willpower.
Wands
 g - a wand of digging (2)
 p - a wand of iceblast (11)
 y - a wand of polymorph (15)
 Q - a wand of mindburst (6)
Scrolls
 d - 2 scrolls of revelation
 h - 7 scrolls of teleportation
 i - a scroll of vulnerability {unknown}
 k - a scroll of torment
 l - 5 scrolls of poison {unknown}
 n - 4 scrolls of fear
 q - 3 scrolls of immolation
 v - 3 scrolls of noise {unknown}
 F - a scroll of enchant weapon
 G - a scroll of amnesia {unknown}
 K - 2 scrolls of brand weapon {unknown}
 M - 2 scrolls of summoning {unknown}
 O - 2 scrolls of enchant armour {unknown}
 S - a scroll of fog
 T - a scroll of identify
Potions
 a - 3 potions of degeneration {unknown}
 b - 2 potions of heal wounds {unknown}
 f - 3 potions of haste
 t - 4 potions of curing {unknown}
 u - a potion of lignification
 B - a potion of magic {unknown}
 D - 3 potions of invisibility {unknown}
 E - a potion of enlightenment {unknown}
 N - 2 potions of brilliance {unknown}
 P - a potion of might {unknown}
 R - a potion of berserk rage {unknown}


   Skills:
 - Level 10.0 Fighting
 - Level 3.0(8.1) Short Blades
 - Level 11.8(12.0) Long Blades
 - Level 2.0 Throwing
 - Level 8.0 Armour
 - Level 8.0 Dodging
 - Level 6.0 Stealth
 - Level 5.0 Shields
 + Level 6.9 Invocations
 - Level 5.0 Evocations


You had 12 spell levels left.
You didn't know any spells.
Your spell library contained the following spells:

 Spells                   Type           Power      Damage    Failure   Level
 Apportation              Tloc           0%         N/A       99%         1
 Foxfire                  Conj/Fire      0%         2x1d4     99%         1
 Freeze                   Ice            0%         1d3       99%         1
 Kiss of Death            Conj/Necr      0%         2d5       99%         1
 Slow                     Hex            0%         N/A       99%         1
 Summon Small Mammal      Summ           0%         N/A       99%         1
 Call Canine Familiar     Summ           0%         N/A       100%        3
 Confusing Touch          Hex            0%         N/A       100%        3
 Frozen Ramparts          Ice            0%         1d1       100%        3
 Hailstorm                Conj/Ice       0%         3d3       100%        3
 Ozocubu's Armour         Ice            0%         N/A       100%        3
 Summon Guardian Golem    Hex/Summ       0%         N/A       100%        3
 Vampiric Draining        Necr           0%         2d6       100%        3
 Animate Armour           Summ/Erth      0%         N/A       100%        4
 Dispel Undead            Necr           0%         3d6       100%        4
 Leda's Liquefaction      Hex/Erth       0%         N/A       100%        4
 Summon Ice Beast         Ice/Summ       0%         N/A       100%        4
 Summon Lightning Spire   Summ/Air       0%         N/A       100%        4
 Alistair's Intoxication  Tmut/Pois      0%         N/A       100%        5
 Lee's Rapid Deconstruct  Erth           0%         3d4*      100%        5
 Metabolic Englaciation   Hex/Ice        0%         N/A       100%        5
 Summon Mana Viper        Hex/Summ       0%         N/A       100%        5
 Leda's Unmaking          Conj/Erth      0%         9d1       100%        6
 Plasma Beam              Fire/Air       0%         2x1d10    100%        6
 Simulacrum               Ice/Necr       0%         N/A       100%        6
 Starburst                Conj/Fire      0%         6d3       100%        6
 Monstrous Menagerie      Summ           0%         N/A       100%        7


Dungeon Overview and Level Annotations

Branches:
Dungeon (14/15)            Temple (0/1) D:7            Lair (0/5) D:9
    Orc (2/2) D:10            Elf (0/3) Orc:2
 Vaults: D:13-14

Altars:
Ashenzari
Cheibriados
Dithmenos
Elyvilon
Fedhas
Hepliaklqana
Makhleb
Nemelex Xobeh
Sif Muna

Shops:
D:1 (   D:3 !   D:5 =   D:8 [   D:9 ?   Orc:2 ?=**

Annotations:
D:8 3 runed translucent doors, Vontreibholz's ghost, novice HOFi
D:14 Jorgrun


Innate Abilities, Weirdness & Mutations

You have razor-sharp teeth.
Your natural rate of healing is unusually fast.
When hurt, damage is shared between your health and your magic reserves.
Your bite disrupts and absorbs the magic of your enemies.
Potions cannot restore your health.


Message History

The mass of ice explodes!
The iceblast engulfs Jorgrun!
Jorgrun is lightly wounded.
You hear a horrible gurgling sound! x2
Your limbs are stiffening.
Aiming: Iceblast
Press: ? - help, Shift-Dir - straight line, f - Jorgrun
Aim: Jorgrun, wielding a staff of earth and wearing a +2 robe of willpower (lightly wounded)
The mass of ice explodes!
The iceblast engulfs Jorgrun!!
Jorgrun is moderately wounded.
Jorgrun gestures at you while chanting.
Roots burst forth from the earth!
The grasping roots grab you!
The grasping roots constrict you! x2; You have turned to stone.
The grasping roots constrict you!
A white ugly thing comes into view.
The grasping roots constrict you! Jorgrun casts a spell at you.
The entropic shot hits you!!!
* * * LOW HITPOINT WARNING * * *
The grasping roots constrict you!
* * * LOW HITPOINT WARNING * * *
A white ugly thing comes into view.
Jorgrun gestures at you while chanting. The entropic shot hits you!!!
* * * LOW HITPOINT WARNING * * *
The grasping roots constrict you!
* * * LOW HITPOINT WARNING * * *
The white ugly thing basks in the mutagenic energy from its kin and changes!
The grasping roots constrict you!
* * * LOW HITPOINT WARNING * * *
Jorgrun completely misses you. Jorgrun hits you but does no damage.
The grasping roots constrict you!
* * * LOW HITPOINT WARNING * * *
A white ugly thing comes into view.
Jorgrun hits you with a staff of earth!
* * * LOW HITPOINT WARNING * * *
Jorgrun hits you with a staff of earth!
* * * LOW HITPOINT WARNING * * *
The grasping roots constrict you!
You die...

##.u.u. .......
#..... #.....
#..... ..
#....u#### ...
##........####...
......g@.........
..######)........
#.#....#.........
#.#....#.........
#.#....#.........
#.#....'....#+#+#
#.#....#....#
#.#....#....#
#.#....#....#


You could see Jorgrun and 3 ugly things.

Vanquished Creatures
  Snorg (D:10)
  A fire dragon (D:11)
  Erolcha (Orc:1)
  3 centaur warriors
  4 two-headed ogres
  A death knight (D:12)
  3 orc knights
  2 deep elf pyromancers (D:13)
  5 ugly things
  3 cyclopes
  4 orc sorcerers
  Maurice (D:10)
  Joseph (D:8)
  4 gargoyles
  Psyche (D:9)
  Maggie (D:6)
  A komodo dragon (D:9)
  A queen bee (shapeshifter) (D:13)
  2 hornets (D:9)
  8 trolls
  12 slime creatures
  A vampire (D:12)
  A shadow (D:9)
  Sigmund (D:6)
  2 wraiths
  Grum (D:8)
  3 ynoxinuls (D:9)
  7 yaks
  5 wyverns
  14 vampire mosquitoes
  3 steam dragons
  5 wargs (Orc:1)
  3 acid dragons
  A water moccasin (D:8)
  45 orc warriors
  4 ice beasts
  2 wolves (D:8)
  5 ogres
  8 centaurs
  2 phantoms (D:6)
  Blork the orc (D:6)
  6 kobold brigands
  2 gnoll sergeants
  8 bullfrogs
  3 scorpions
  17 wights
  8 killer bees (D:9)
  8 howler monkeys
  An electric eel (D:9)
  16 orc priests
  A gnoll bouda (D:5)
  4 hounds
  2 sleepcaps (D:5)
  Crazy Yiuf (D:2)
  8 iguanas
  27 orc wizards
  18 gnolls
  7 adders
  3 shadow imps
  10 ufetubi
  2 worms (D:2)
  2 dart slugs
  64 orcs
  5 bats
  7 endoplasms
  3 giant cockroaches
  11 goblins
  10 hobgoblins
  9 jackals
  6 quokkas
  5 ball pythons
  2 frilled lizards
  27 kobolds
  5 rats
482 creatures vanquished.

Notes
Turn   | Place    | Note
-------+----------+-------------------------------------------
     0 | D:5      | GordonOverkill the Vine Stalker Delver began the quest for
                  | the Orb.
     0 | D:5      | Reached XP level 1. HP: 11/11 MP: 2/2
     5 | D:6      | Noticed a bullfrog
     5 | D:6      | Noticed an iguana
     5 | D:6      | Noticed an orc warrior
    80 | D:4      | Reached XP level 2. HP: 16/16 MP: 3/3
   263 | D:3      | Noticed an ogre
   265 | D:3      | Killed an ogre
   266 | D:3      | Reached XP level 3. HP: 20/20 MP: 4/4
   266 | D:3      | Gained mutation: Your natural rate of healing is unusually
                  | fast. [Vine Stalker growth]
   266 | D:3      | Reached XP level 4. HP: 24/24 MP: 5/5
   541 | D:2      | Reached XP level 5. HP: 17/28 MP: 1/6
  1328 | D:1      | Found Hoimuin's Weapon Boutique.
  1764 | D:2      | Found a runed translucent door.
  1765 | D:2      | Noticed Crazy Yiuf
  2351 | D:2      | Killed Crazy Yiuf
  2352 | D:2      | Reached skill level 1 in Long Blades
  2558 | D:3      | Found Vevinar's Distillery.
  3054 | D:4      | Reached XP level 6. HP: 28/32 MP: 7/7
  3216 | D:4      | Reached skill level 2 in Long Blades
  3790 | D:4      | HP: 1/32 [ogre/+0 giant club (9)]
  3865 | D:4      | Reached skill level 3 in Long Blades
  3865 | D:4      | Reached XP level 7. HP: 15/36 MP: 2/8
  4968 | D:5      | Reached skill level 5 in Evocations
  4982 | D:5      | Reached skill level 4 in Long Blades
  5011 | D:5      | Found a burning altar of Makhleb.
  5098 | D:5      | Found a broken altar of Ashenzari.
  5119 | D:5      | Found Zafolebe's Jewellery Emporium.
  5194 | D:5      | Became a worshipper of Makhleb the Destroyer
  5213 | D:5      | Found a shimmering blue altar of Sif Muna.
  5304 | D:5      | Reached skill level 1 in Invocations
  5334 | D:5      | Gained mutation: You have razor-sharp teeth. [Vine Stalker
                  | growth]
  5334 | D:5      | Reached XP level 8. HP: 39/40 MP: 7/9
  5490 | D:5      | Reached skill level 5 in Long Blades
  6422 | D:6      | Reached * piety under Makhleb
  6472 | D:6      | Reached skill level 6 in Long Blades
  6472 | D:6      | Reached XP level 9. HP: 46/46 MP: 11/13
  6527 | D:6      | Reached skill level 5 in Fighting
  6533 | D:6      | Found a broken altar of Ashenzari.
  6540 | D:6      | Reached skill level 1 in Throwing
  6728 | D:6      | Noticed Sigmund
  6730 | D:6      | Noticed Blork the orc
  6731 | D:6      | Killed Sigmund
  6737 | D:6      | Killed Blork the orc
  6738 | D:6      | Reached skill level 5 in Invocations
  6746 | D:6      | HP: 1/43 [wight/+4 scimitar (10)]
  6750 | D:6      | Noticed Maggie
  6819 | D:6      | Killed Maggie
  6820 | D:6      | Reached skill level 7 in Long Blades
  7377 | D:6      | Reached ** piety under Makhleb
  7378 | D:6      | Reached skill level 8 in Long Blades
  7483 | D:7      | Reached XP level 10. HP: 51/51 MP: 11/14
  7653 | D:7      | Reached skill level 9 in Long Blades
  7706 | D:7      | Found a staircase to the Ecumenical Temple.
  7943 | D:7      | Found a staircase to the Ecumenical Temple.
  8239 | D:8      | Noticed Joseph
  8245 | D:8      | Killed Joseph
  8288 | D:8      | Noticed Grum
  8295 | D:8      | Killed Grum
  8425 | D:8      | Found Wut Funu's Armour Boutique.
  8457 | D:8      | Found a runed translucent gate.
  8457 | D:8      | Found a runed translucent gate.
  8457 | D:8      | Found a runed translucent gate.
  8461 | D:8      | Noticed Vontreibholz's ghost (novice HOFi)
  8464 | D:8      | Noticed a ten-headed hydra
  8770 | D:1      | Bought the +8 autumn katana {manifold assault} for 505 gold
                  | pieces
  8770 | D:1      | Found the +8 autumn katana {manifold assault}
  8969 | D:8      | Reached *** piety under Makhleb
  9219 | D:9      | Found a staircase to the Lair.
  9293 | D:9      | Found Pierat's Magic Scroll Emporium.
  9308 | D:9      | Reached skill level 10 in Long Blades
  9326 | D:9      | Noticed Psyche
  9332 | D:9      | Killed Psyche
  9447 | D:9      | Reached skill level 5 in Dodging
  9512 | D:9      | Reached XP level 11. HP: 45/55 MP: 10/15
  9518 | D:9      | Reached skill level 11 in Long Blades
  9518 | D:9      | Paralysed by a hornet for 1 turns
  9593 | D:9      | Identified the ring "Epla" {Ice rN+ Will+ Str+2}
  9606 | D:9      | Reached **** piety under Makhleb
  9631 | D:9      | Reached skill level 1 in Armour
 10340 | D:10     | Entered Level 10 of the Dungeon
 10427 | D:10     | Noticed Snorg
 10434 | D:10     | Killed Snorg
 10499 | D:10     | Reached ***** piety under Makhleb
 10508 | D:10     | Found a sparkling altar of Nemelex Xobeh.
 10523 | D:10     | Found a white marble altar of Elyvilon.
 10526 | D:10     | Found a blossoming altar of Fedhas.
 10526 | D:10     | Found a snail-covered altar of Cheibriados.
 10636 | D:10     | Found a hazy altar of Hepliaklqana.
 10711 | D:10     | Noticed a two-headed ogre
 10718 | D:10     | Killed a two-headed ogre
 10750 | D:10     | Found a staircase to the Orcish Mines.
 10806 | D:10     | Noticed Maurice
 10811 | D:10     | Killed Maurice
 10884 | D:10     | Reached XP level 12. HP: 57/63 MP: 12/16
 10895 | D:10     | Reached skill level 5 in Armour
 11118 | D:10     | Found a shadowy altar of Dithmenos.
 11188 | D:11     | Noticed a fire dragon
 11201 | D:11     | Killed a fire dragon
 11557 | D:11     | Noticed a two-headed ogre
 11565 | D:11     | Killed a two-headed ogre
 12027 | D:12     | Noticed a two-headed ogre
 12034 | D:12     | Reached skill level 10 in Fighting
 12040 | D:12     | Killed a two-headed ogre
 12586 | D:12     | Noticed a death knight
 12594 | D:12     | Killed a death knight
 12684 | Orc:1    | Entered Level 1 of the Orcish Mines
 12745 | Orc:2    | Entered Level 2 of the Orcish Mines
 12754 | Orc:2    | Noticed Erolcha
 12755 | Orc:2    | Noticed a centaur warrior
 12861 | Orc:1    | Reached XP level 13. HP: 69/70 MP: 14/17
 13354 | Orc:2    | Found a staircase to the Elven Halls.
 13463 | Orc:1    | Killed Erolcha
 13482 | Orc:1    | Identified a scroll of acquirement
 13482 | Orc:1    | Acquired the +0 buckler of the Fife {rC+ MP+9 Str+6 Int-3}
 13675 | Orc:2    | Reached skill level 1 in Shields
 13758 | Orc:2    | Reached ****** piety under Makhleb
 14123 | Orc:2    | Found Madghiel's General Store.
 14123 | Orc:2    | Found Pimaq's Jewellery Shoppe.
 14125 | Orc:2    | Found Uthrobue's Magic Scroll Emporium.
 14127 | Orc:2    | Found Soonoesyp's Assorted Antiques.
 14613 | D:13     | Identified the +5 rapier of Araren {flame, *Noise Dex+4
                  | Stlth+}
 14813 | D:13     | Identified the +10 trident of Damp Responsibility {flame,
                  | Dex+5}
 14889 | D:13     | Reached skill level 5 in Shields
 15277 | D:14     | Noticed Jorgrun
 15287 | D:14     | Constricted to death by Jorgrun

Illustrated notes

Levels and vault maps discovered:
D:1:      amcnicky_arrival_underground_garden, layout_basic, serial_shops, shop
D:2:      layout_loops_corners, chequers_serial_rivers_room_b,
          uniq_crazy_yiuf_cottage
D:3:      layout_loops_ring, serial_shops, shop
D:4:      minmay_skewed_foursquare, layout_basic, grunt_decor_fettered,
          nicolae_letterblocks [nicolae_letter_subblock,
          nicolae_letter_subblock, nicolae_letter_subblock,
          nicolae_letter_subblock, nicolae_letter_subblock,
          nicolae_letter_subblock, nicolae_letter_subblock,
          nicolae_letter_subblock, nicolae_letter_subblock,
          nicolae_letter_subblock, nicolae_letter_subblock,
          nicolae_letter_subblock, nicolae_letter_subblock,
          nicolae_letter_subblock, nicolae_letter_subblock,
          nicolae_letter_subblock, nicolae_letter_subblock,
          nicolae_letter_subblock, nicolae_letter_subblock,
          nicolae_letter_subblock, nicolae_letter_subblock,
          nicolae_letter_subblock, nicolae_letter_subblock,
          nicolae_letter_subblock, nicolae_letter_subblock]
D:5:      layout_loops_ring, mainiacjoe_overflow_chevrons, serial_shops, shop,
          hangedman_feature_mirror
D:6:      layout_gridville, mainiacjoe_overflow_boulevard, uniq_blork_the_orc,
          uniq_maggie, uniq_sigmund
D:7:      layout_rooms, temple_green
D:8:      layout_loops_cross, serial_shops, nicolae_shop_tiny_glass,
          gammafunk_ghost_hydra_chop, uniq_grum, uniq_joseph
D:9:      nzn_winding_woodlands_medium [nzn_winding_woodlands_5x5_closed_star,
          nzn_winding_woodlands_5x15_cabin, nzn_winding_woodlands_5x5_three,
          nzn_winding_woodlands_5x5_checkerboard,
          nzn_winding_woodlands_center_garden, nzn_winding_woodlands_5x5_cross,
          nzn_winding_woodlands_5x5_default,
          nzn_winding_woodlands_5x15_pathside_ponds,
          nzn_winding_woodlands_5x5_open_star], layout_rooms, lair_entry_dummy,
          serial_shops, nicolae_shop_behind_doors, nicolae_fort_ynox,
          uniq_psyche
D:10:     layout_roguey, marbit_many_paths,
          nicolae_overflow_hallway_of_the_gods, orc_0_dummy,
          minmay_misc_feat_tiny, uniq_maurice, uniq_snorg
D:11:     layout_small_grid
D:12:     layout_cave_pools, drop_trap, minmay_evil_grid
D:13:     layout_roguey
D:14:     layout_irregular_city, erik_vaults_1, serial_shops, shop, shop, shop,
          nicolae_shop_tiny_real_fake_doors, nicolae_stop_n_shop_1,
          grunt_decor_one_mirror, minmay_quadrilaterals, uniq_jorgrun
Orc:1:    nicolae_orc_accident_3, layout_diamond_mine, nooodl_orcs_dogs
Orc:2:    st_orc_rangers, layout_caves, statue_in_the_mist_lemuel, uniq_erolcha

Skill      XL: |  1  2  3  4  5  6  7  8  9 10 11 12 13 |
---------------+----------------------------------------+-----
Fighting       | 3 4 5 7 10 | 10.0
Short Blades   | 2 3 |  3.0
Evocations     | 2 3 4 5 |  5.0
Long Blades    | 1 3 4 6 8 10 11 | 11.8
Invocations    | 1 4 5 6 |  6.9
Throwing       | 2 |  2.0
Dodging        | 5 6 8 |  8.0
Armour         | 4 6 8 |  8.0
Shields        | 5 |  5.0
Stealth        | |  6.0

Action                     |  1- 3 |  4- 6 |  7- 9 | 10-12 | 13-15 || total
---------------------------+-------+-------+-------+-------+-------++-------
  Melee: Short sword       |    17 |       |       |       |       ||    17
         Bite              |     3 |    63 |    96 |   140 |   104 ||   406
         Dagger            |     1 |   250 |   166 |       |       ||   417
         Punch             |       |     6 |     8 |    12 |     1 ||    27
         Long sword        |       |       |   118 |       |       ||   118
         Scimitar          |       |       |    56 |    92 |       ||   148
         Katana            |       |       |       |   518 |   343 ||   861
  Throw: Dart              |       |       |       |     4 |       ||     4
  Evoke: Wand              |       |     1 |    14 |     9 |     4 ||    28
    Use: Scroll            |       |     3 |     3 |     4 |     2 ||    12
         Potion            |       |     1 |     1 |     1 |       ||     3
   Stab: Sleeping          |     2 |     5 |       |       |       ||     7
 Armour: Leather armour    |     5 |    12 |       |       |       ||    17
         Chain mail        |       |    91 |   166 |   174 |       ||   431
         Plate armour      |       |       |       |    86 |   129 ||   215
  Dodge: Dodged            |    10 |    79 |   130 |   205 |   125 ||   549
  Block: Buckler           |       |       |       |       |    39 ||    39

Table legend: (Time is in decaauts)
 A = Elapsed time spent in this place.
 B = Non-inter-level travel time spent in this place.
 C = Inter-level travel time spent in this place.
 D = Time resting spent in this place.
 E = Time spent auto-exploring this place.
 F = Levels seen in this place.
 G = Mean time per level.
                   A        B        C        D        E       F      G
               +--------+--------+--------+--------+--------+-----+--------+
         Total |  14931 |  13572 |   1359 |   1123 |   9329 |  16 |  933.2 |
       Dungeon |  13220 |  11980 |   1240 |    811 |   8448 |  14 |  944.3 |
  Orcish Mines |   1710 |   1591 |    119 |    312 |    881 |   2 |  855.0 |
               +--------+--------+--------+--------+--------+-----+--------+

Top non-repeatable levels by time:
     D:4: 2170 daAuts
     D:6: 1353 daAuts
     D:5: 1281 daAuts
     D:2: 1160 daAuts
     D:9: 1071 daAuts
   Orc:1: 1039 daAuts
     D:1: 920 daAuts
    D:10: 872 daAuts
     D:3: 780 daAuts
     D:8: 779 daAuts
    D:11: 778 daAuts
    D:12: 683 daAuts
     D:7: 681 daAuts
   Orc:2: 671 daAuts
    D:13: 590 daAuts
